 Dungeon Crawl Stone Soup version 0.29-a0-330-g52719c12eb (webtiles) character file.

Game seed: 10914010146722919964

224 Crownlay the Digger (level 6, -5/38 HPs)
             Began as an Octopode Earth Elementalist on May 11, 2022.
             Slain by a gnoll shaman
             ... wielding a +0 whip
              (10 damage)
             ... on level 3 of the Dungeon.
             The game lasted 00:04:39 (2202 turns).

Crownlay the Digger (Octopode Earth Elementalist)   Turns: 2202, Time: 00:04:40

Health: -5/38      AC:  1    Str:  7    XL:     6   Next: 0%
Magic:  3/10       EV: 13    Int: 20    God:
Gold:   121        SH:  0    Dex: 12    Spells: 7/11 levels left

rFire   . . .      SeeInvis .   f - +3 quarterstaff (spect)
rCold   . . .      Faith    .   (shield currently unavailable)
rNeg    . . .      Spirit   .   (helmet restricted)
rPois   .          Reflect  .   (no amulet)
rElec   .          Harm     .   (no ring)
rCorr   .          Rampage  .   (no ring)
Will    .....                   (no ring)
Stlth   +++.......              (no ring)
HPRegen 0.12/turn               (no ring)
MPRegen 0.12/turn               (no ring)
                                (no ring)
                                (no ring)

@: no status effects
A: almost no armour, amphibious, 8 rings, camouflage 1, gelatinous body 1,
(nimble swimmer 1), tentacles
a: no special abilities


You were on level 3 of the Dungeon.
You visited 1 branch of the dungeon, and saw 4 of its levels.

You collected 121 gold pieces.

Inventory:

Hand Weapons
 f - a +3 spectral quarterstaff (weapon)
Missiles
 a - 155 stones
Wands
 j - a wand of acid (7)
Scrolls
 c - a scroll of teleportation {unknown}
 d - 2 scrolls of immolation {unknown}
 i - a scroll of identify {unknown}
 k - a scroll of summoning {unknown}
 l - a scroll of amnesia {unknown}
 m - a scroll of enchant armour {unknown}
Potions
 b - 2 potions of magic
 e - a potion of attraction {unknown}
 g - a potion of lignification {unknown}
 h - 2 potions of brilliance {unknown}


   Skills:
 + Level 1.6 Fighting
 - Level 2.0 Dodging
 - Level 2.6 Stealth
 + Level 3.1 Spellcasting
 + Level 2.3 Conjurations
 - Level 1.0 Transmutations
 * Level 4.8 Earth Magic


You had 7 spell levels left.
You knew the following spells:

 Your Spells              Type           Power      Damage    Failure   Level
a - Sandblast             Erth           44%        2d11      1%          1
b - Stone Arrow           Conj/Erth      34%        3d9       10%         3

Your spell library contained the following spells:

 Spells                   Type           Power      Damage    Failure   Level
 Passwall                 Tmut/Erth      11%        N/A       6%          2
 Dazzling Flash           Conj/Hex       14%        N/A       26%         3
 Petrify                  Tmut/Erth      14%        N/A       38%         4
 Iskenderun's Mystic Bla  Conj/Tloc      7%         2d4       65%         4
 Starburst                Conj/Fire      3%         6d3       100%        6


Dungeon Overview and Level Annotations

Branches:
Dungeon (4/15)
 Temple: D:4-7

Altars:

Shops:
D:2 ?


Innate Abilities, Weirdness & Mutations

You cannot wear most types of armour.
You are amphibious.
You can wear up to eight rings at the same time.
Your skin changes colour to match your surroundings (Stealth+).
Your rubbery body absorbs attacks. (AC +1, EV +1)
((You are camouflaged when in or above water. (Stealth+)))
You have tentacles for arms and can constrict up to eight enemies at once.


Message History

The gnoll hits you from afar with a +0 spear.
You miscast Sandblast.
You are very lightly contaminated with residual magic.
Nothing appears to happen.
The gnoll barely misses you. The gnoll closely misses you.
The gnoll shaman calls upon its god to heal the gnoll.
The gnoll is healed somewhat.
The blast of sand hits the gnoll.
The gnoll is heavily wounded.
The gnoll closely misses you.
The gnoll hits you from afar with a +0 spear.
The blast of sand hits the gnoll.
The gnoll is almost dead.
The gnoll hits you from afar with a +0 spear.
The gnoll closely misses you.
The gnoll shaman calls upon its god to speed up the gnoll.
The gnoll seems to speed up.
The blast of sand hits the gnoll!
You kill the gnoll!
The gnoll hits you from afar with a +0 spear of pain.
The gnoll misses you.
You have reached level 6!
Your magical contamination has completely faded away.
There is a stone staircase leading up here.
The gnoll hits you from afar with a +0 halberd!
* * * LOW HITPOINT WARNING * * *
The gnoll shaman closely misses you.
The gnoll hits you from afar with a +0 halberd.
* * * LOW HITPOINT WARNING * * *
You climb upwards.
There is a stone staircase leading down here.
Casting: Sandblast (safe; 1% risk of failure)
Confirm with . or Enter, or press ? or * to list all spells.
Aiming: Sandblast (safe; 1% risk of failure)
Press: ? - help, Shift-Dir - straight line, f - gnoll shaman
Aim: a gnoll shaman, wielding a +0 whip and wearing a +0 leather armour (83% to hit)
The blast of sand hits the gnoll shaman.
The gnoll shaman is moderately wounded.
The gnoll shaman hits you with a +0 whip!
You die...

######
########....######
#.................
#............)....
#@g..............)
#.................
#...............).
#.................
#.............####
#.########....####
#.########....##..
#.................
#.......##....##..


You could see a gnoll shaman.

Vanquished Creatures
  A scorpion (D:4)
  Jessica (D:3)
  An orc wizard (D:3)
  A gnoll (D:4)
  3 adders
  5 dart slugs
  3 orcs (D:3)
  6 ball pythons
  4 endoplasms
  3 giant cockroaches
  3 goblins
  5 hobgoblins
  7 jackals (D:3)
  2 quokkas
  7 bats
  3 frilled lizards
  2 kobolds
  3 rats
60 creatures vanquished.

Notes
Turn   | Place    | Note
-------+----------+-------------------------------------------
     0 | D:1      | Crownlay the Octopode Earth Elementalist began the quest
                  | for the Orb.
     0 | D:1      | Reached XP level 1. HP: 11/11 MP: 3/3
   168 | D:1      | Reached XP level 2. HP: 17/17 MP: 3/5
   503 | D:1      | Reached skill level 1 in Conjurations
   600 | D:1      | Reached XP level 3. HP: 21/21 MP: 6/6
   604 | D:1      | Learned a level 3 spell: Stone Arrow
   971 | D:2      | Found Tuffy's Magic Scroll Boutique.
  1194 | D:2      | Found a faded altar of an unknown god.
  1300 | D:2      | Reached skill level 4 in Earth Magic
  1300 | D:2      | Reached XP level 4. HP: 26/27 MP: 7/7
  1963 | D:3      | Noticed Jessica
  1969 | D:3      | Killed Jessica
  1970 | D:3      | Reached skill level 1 in Fighting
  1970 | D:3      | Reached XP level 5. HP: 33/33 MP: 5/9
  2197 | D:4      | Reached XP level 6. HP: 16/38 MP: 3/10
  2202 | D:3      | Slain by a gnoll shaman

Illustrated notes

Levels and vault maps discovered:
D:1:      lightli_arrival_statuegarden, layout_basic
D:2:      layout_basic, serial_shops, nicolae_square_shop,
          shapermc_ecumenical_altar_petra
D:3:      layout_basic, uniq_jessica
D:4:      minmay_recursive_quarters, layout_basic, uniq_robin, uniq_pikel

Skill      XL: |  1  2  3  4  5 |
---------------+----------------+-----
Conjurations   | 1 2 |  2.3
Earth Magic    | 4 |  4.8
Fighting       | 1 |  1.6
Spellcasting   | 3 |  3.1
Dodging        | |  2.0
Stealth        | |  2.6
Transmutations | |  1.0

Action                   |  1- 3 |  4- 6 || total
-------------------------+-------+-------++-------
Melee: Quarterstaff      |    26 |    30 ||    56
       Constrict         |     7 |     9 ||    16
       Tentacles         |     5 |     6 ||    11
 Cast: Sandblast         |    13 |    13 ||    26
 Stab: Sleeping          |     9 |       ||     9
Armor: Skin              |     4 |     2 ||     6
Dodge: Dodged            |     7 |    31 ||    38

Table legend: (Time is in decaauts)
 A = Elapsed time spent in this place.
 B = Non-inter-level travel time spent in this place.
 C = Inter-level travel time spent in this place.
 D = Time resting spent in this place.
 E = Time spent auto-exploring this place.
 F = Levels seen in this place.
 G = Mean time per level.
                   A        B        C        D        E       F      G
               +--------+--------+--------+--------+--------+-----+--------+
         Total |   2217 |   2126 |     91 |     34 |   1696 |   4 |  554.2 |
       Dungeon |   2217 |   2126 |     91 |     34 |   1696 |   4 |  554.2 |
               +--------+--------+--------+--------+--------+-----+--------+

Top non-repeatable levels by time:
     D:1: 840 daAuts
     D:3: 753 daAuts
     D:2: 605 daAuts
     D:4: 18 daAuts
